 Dungeon Sprint DCSS version 0.21-a0-91-ga5031da (webtiles) character file.

20195 pib the Devastator (level 12, -1/82 HPs)
             Began as an Octopode Fire Elementalist on June 30, 2017.
             Was the Champion of Vehumet.
             Killed by the air
             ... invoked by a wind drake
              (17 damage)
             ... while paralysed by a hornet
             ... in the Dungeon (Sprint V: "Ziggurat Sprint").
             The game lasted 00:22:29 (1199 turns).

pib the Devastator (Octopode Fire Elementalist)     Turns: 1199, Time: 00:22:29

Health: -1/82      AC:  1    Str: 13    XL:     12   Next: 76%
Magic:  5/39       EV:  2    Int: 46    God:    Vehumet [******]
Gold:   0          SH:  0    Dex: 28    Spells: 9/28 levels left

rFire    + . .     SeeInvis .   H - +6 Majin-Bo {vamp, Archmagi MP+6 Int+6}
rCold    . . .     Gourm    .   (shield currently unavailable)
rNeg     + + .     Faith    .   (helmet restricted)
rPois    .         Spirit   .   T - amulet of Hoaciss {+Rage rF+ Int+7 Dex+4 Slay-2}
rElec    +         Reflect  .   z - +6 ring of intelligence
rCorr    +         Harm     .   y - +6 ring of dexterity
MR       .....     NoTele   +   P - ring of Pantheism {rElec Dex+4 Stlth+}
Stlth    +++++.....             A - +6 ring of intelligence
HPRegen  0.23/turn              B - +6 ring of strength
MPRegen  0.26/turn              Q - ring of magical power
                                M - ring of flight
                                N - ring of Dithmenos's Anger {rCorr rN++}

@: paralysed, hasted
A: almost no armour, stealthy swim, amphibious, 8 rings, constrict 8, camouflage
1, gelatinous body 1
a: Renounce Religion, Evoke Berserk Rage, Evoke Flight


You were in the Dungeon.
You worshipped Vehumet.
Vehumet was exalted by your worship.
You were hungry.

You visited 1 branch

Inventory:

Hand Weapons
 H - the +6 Majin-Bo (weapon) {vamp, Archmagi MP+6 Int+6}
   (You found it in the Dungeon)

   It inflicts no extra harm, but heals its wielder when it wounds a living foe.
   It affects your intelligence (+6).
   It affects your magic capacity (+6).
 I - the +8 lance "Wyrmbane" {slay drac, rPois rF+ rC+ AC+3}
   (You found it in the Dungeon)

   It affects your AC (+3).
   It protects you from fire.
   It protects you from cold.
   It protects you from poison.
Armour
 J - the +18 shield of the Gong {rElec rN+ MR+ EV-5}
   (You found it in the Dungeon)

   It affects your evasion (-5).
   It insulates you from electricity.
   It protects you from negative energy.
   It affects your resistance to hostile enchantments.
Magical Staves
 K - an uncursed staff of energy
 U - an uncursed staff of fire
 Y - an uncursed staff of death
 Z - an uncursed staff of air
Jewellery
 h - an uncursed ring of fire
 y - a +6 ring of dexterity (right tentacle)
 z - a +6 ring of intelligence (left tentacle)
 A - a +6 ring of intelligence (on tentacle)
 B - a +6 ring of strength (on tentacle)
 C - a +6 ring of strength
 M - a ring of flight (on tentacle)
 N - the ring of Dithmenos's Anger (on tentacle) {rCorr rN++}
   (You found it in the Dungeon)

   [ring of resist corrosion]

   It greatly protects you from negative energy.
 P - the ring of Pantheism (on tentacle) {rElec Dex+4 Stlth+}
   (You found it in the Dungeon)

   [ring of stealth]

   It affects your dexterity (+4).
   It insulates you from electricity.
   It makes you more stealthy.
 Q - a ring of magical power (on tentacle)
 R - an uncursed ring of see invisible
 T - the amulet of Hoaciss (around mantle) {+Rage rF+ Int+7 Dex+4 Slay-2}
   (You found it in the Dungeon)

   [amulet of rage]

   It affects your intelligence (+7).
   It affects your dexterity (+4).
   It affects your accuracy and damage with ranged weapons and melee attacks
   (-2).
   It protects you from fire.
   It lets you go berserk.
Wands
 D - a wand of disintegration (3/24)
 E - a wand of iceblast (4/15)
 F - a wand of lightning (1/15)
 G - a wand of acid (3/15)
Scrolls
 o - 4 scrolls of amnesia
 p - a scroll of recharging
 q - 7 scrolls of fog
 r - a scroll of holy word
 s - 5 scrolls of identify
 t - 5 scrolls of remove curse
 u - 2 scrolls of fear
Potions
 c - 10 potions of curing
 d - 7 potions of heal wounds
 e - 4 potions of haste
 f - 6 potions of magic
 g - 3 potions of berserk rage
 i - 2 potions of brilliance
 j - 2 potions of invisibility
 k - 3 potions of resistance
 m - 5 potions of agility
Books
 a - a book of Flames

   Spells                             Type                      Level
   a - Flame Tongue                   Conjuration/Fire             1
   b - Throw Flame                    Conjuration/Fire             2
   c - Conjure Flame                  Conjuration/Fire             3
   d - Inner Flame                    Hexes/Fire                   3
   e - Sticky Flame                   Conjuration/Fire             4
   f - Fireball                       Conjuration/Fire             5
 l - a book of Maledictions

   Spells                             Type                      Level
   a - Corona                         Hexes                        1
   b - Ensorcelled Hibernation        Hexes/Ice                    2
   c - Confuse                        Hexes                        3
   d - Tukima's Dance                 Hexes                        3
   e - Dazzling Spray                 Conjuration/Hexes            3
 V - the Tome of Creation
   (You found it in the Dungeon)

   Spells                             Type                      Level
   a - Recall                         Summoning/Translocation      3
   b - Summon Demon                   Summoning                    5
   c - Summon Forest                  Summoning/Translocation      5
   d - Summon Hydra                   Summoning                    7
 X - a book of Unlife

   Spells                             Type                      Level
   a - Recall                         Summoning/Translocation      3
   b - Animate Dead                   Necromancy                   4
   c - Control Undead                 Necromancy                   4
   d - Cigotuvi's Embrace             Necromancy                   5
   e - Death Channel                  Necromancy                   6
   f - Simulacrum                     Ice/Necromancy               6
Miscellaneous
 x - a fan of gales
 L - a crystal ball of energy
 S - a lamp of fire
 W - a box of beasts
Comestibles
 b - 4 bread rations
 v - 42 fruits
 w - 4 meat rations
 O - 3 royal jellies


   Skills:
 + Level 7.8 Fighting
 + Level 8.1 Dodging
 - Level 2.6 Stealth
 - Level 8.9 Spellcasting
 + Level 19.1 Conjurations
 - Level 15.3 Summonings
 - Level 12.6 Fire Magic
 - Level 8.0 Evocations


You had 9 spell levels left.
You knew the following spells:

 Your Spells              Type           Power        Failure   Level  Hunger
a - Flame Tongue          Conj/Fire      #####        0%          1    None
b - Fireball              Conj/Fire      ########..   1%          5    None
c - Tukima's Dance        Hex            ####....     4%          3    None
d - Stone Arrow           Conj/Erth      ######       1%          3    None
e - Summon Hydra          Summ           ########..   1%          7    #####..


Dungeon Overview and Level Annotations

Branches:
Dungeon (1/1)

Altars:
Ashenzari
Cheibriados
Dithmenos
Elyvilon
Fedhas
Gozag
Hepliaklqana
Kikubaaqudgha
Makhleb
Nemelex Xobeh
Okawaru
Qazlal
Ru
Sif Muna
Trog
Uskayaw
Vehumet
Wu Jian
Xom
Yredelemnul
Zin
The Shining One
Beogh
Jiyva
Lugonu


Innate Abilities, Weirdness & Mutations

You cannot wear most types of armour.
You are very stealthy in the water. (Stealth+)
You are amphibious.
You can wear up to eight rings at the same time.
You can use your tentacles to constrict eight enemies at once.
Your skin changes colour to match your surroundings (Stealth+).
Your rubbery body absorbs attacks. (AC +1, EV +1)


Message History

The wind drake exhales a fierce blast of wind!
Your five-headed hydra and the hornet are blown away by the wind.
The spriggan air mage waves its arms in wide circles.
The air twists around and strikes you!
* * * LOW HITPOINT WARNING * * *
Your six-headed hydra misses the spriggan air mage. x2
Your six-headed hydra bites the spriggan air mage!
The spriggan air mage dies!
Vehumet accepts your kill.
Your Dodging skill increases to level 8!
Your six-headed hydra bites the spriggan air mage!
Your six-headed hydra barely misses the spriggan air mage.
Your six-headed hydra bites the spriggan air mage!
The wind drake barely misses you.
The spriggan air mage hits your six-headed hydra!
Your six-headed hydra dies!
Your six-headed hydra's corpse disappears in a puff of smoke!
The wind drake flaps its wings at you. The air twists around and strikes you!
You die...

▓....[!...▓.
▓..}).))..▓..|().=..▓.
▓.......†.▓..).)....▓.
▓.....†...▓....)....▓.
▓.....i...▓.........▓.
▓.....§...▓.....)...▓.
▓....[....▓....))...▓.
▓.D...k...▓....)....▓.
▓..y.@....▓....(....▓▓
▓▓▓▓▓▓▓▓▓▓▓▓▓▓▓▓▓▓▓▓▓


You could see a wind drake, a spriggan air mage, a hornet and a friendly
five-headed hydra.

Vanquished Creatures
  A thorn hunter (D)
  A stone giant (D)
  7 vault guards (D)
  A death scarab (D)
  A two-headed ogre (shapeshifter) (D)
  A spriggan (D)
  A spriggan druid (D)
  An unseen horror (shapeshifter) (D)
  A wolf spider (D)
  6 ugly things (D)
  A shining eye (D)
  A salamander (shapeshifter) (D)
  A rime drake (D)
  A komodo dragon (shapeshifter) (D)
  A dryad (D)
  A yaktaur (D)
  A troll (shapeshifter) (D)
  2 polar bears (D)
  A jumping spider (shapeshifter) (D)
  3 hornets (D)
  A wind drake (D)
  2 tarantellas (D)
  2 neqoxecs (D)
  A golden eye (shapeshifter) (D)
  3 swamp drakes (D)
  6 orc warriors (D)
  A wolf (D)
  A scorpion (shapeshifter) (D)
  5 scorpions (D)
  4 orc priests (D)
  2 orc wizards (D)
  A mummy (D)
  2 orcs (D)
  A leopard gecko simulacrum (D)
66 creatures vanquished.

Vanquished Creatures (collateral kills)
  A vault guard (D)
  A spriggan air mage (D)
  A shambling mangrove (D)
  A wind drake (D)
4 creatures vanquished.

Grand Total: 70 creatures vanquished

Notes
Turn   | Place    | Note
-------+----------+-------------------------------------------
     0 | D        | pib the Octopode Fire Elementalist began the quest for the Orb.
     0 | D        | Reached XP level 1. HP: 11/11 MP: 3/3
     0 | D        | Found a deep blue altar of Sif Muna.
     0 | D        | Found a bloodstained altar of Trog.
     0 | D        | Found a sacrificial altar of Ru.
     0 | D        | Found a stormy altar of Qazlal.
     0 | D        | Found an iron altar of Okawaru.
     1 | D        | Found a sparkling altar of Nemelex Xobeh.
     1 | D        | Found a blossoming altar of Fedhas.
     3 | D        | Found a transporter.
     3 | D        | Found an ancient bone altar of Kikubaaqudgha.
     3 | D        | Found a viscous altar of Jiyva.
     3 | D        | Found a corrupted altar of Lugonu.
     3 | D        | Found a hazy altar of Hepliaklqana.
     3 | D        | Found a burning altar of Makhleb.
     3 | D        | Found an opulent altar of Gozag.
    52 | D        | Became a worshipper of Vehumet
    62 | D        | Reached XP level 2. HP: 17/17 MP: 4/7
   100 | D        | Entered arena 2.
   100 | D        | Noticed a tarantella
   100 | D        | Noticed a scorpion
   100 | D        | Found a transporter.
   101 | D        | Killed a scorpion
   101 | D        | Reached skill level 3 in Conjurations
   101 | D        | Reached XP level 3. HP: 21/21 MP: 8/8
   101 | D        | Reached XP level 4. HP: 27/27 MP: 10/10
   102 | D        | Killed a tarantella
   102 | D        | Reached skill level 7 in Conjurations
   102 | D        | Reached skill level 5 in Fire Magic
   102 | D        | Reached XP level 5. HP: 31/31 MP: 12/12
   109 | D        | Got the ring of Dithmenos's Anger {rCorr rN++}
   118 | D        | Learned a level 5 spell: Fireball
   130 | D        | Entered arena 3.
   130 | D        | Noticed a polar bear
   130 | D        | Noticed a polar bear
   130 | D        | Found a transporter.
   136 | D        | Reached * piety under Vehumet
   136 | D        | Offered knowledge of Magic Dart by Vehumet.
   140 | D        | Killed a polar bear
   140 | D        | Reached skill level 9 in Conjurations
   140 | D        | Reached XP level 6. HP: 16/36 MP: 2/15
   142 | D        | Killed a polar bear
   142 | D        | Reached skill level 10 in Conjurations
   142 | D        | Reached XP level 7. HP: 18/41 MP: 4/17
   147 | D        | Got the ring of Pantheism {rElec Dex+4 Stlth+}
   325 | D        | Entered arena 4.
   325 | D        | Noticed a cyan ugly thing
   325 | D        | Noticed a red ugly thing
   325 | D        | Noticed a green ugly thing
   325 | D        | Found a transporter.
   326 | D        | Reached ** piety under Vehumet
   326 | D        | Offered knowledge of Freeze by Vehumet.
   328 | D        | Killed a cyan ugly thing
   328 | D        | Reached skill level 11 in Conjurations
   328 | D        | Reached XP level 8. HP: 46/46 MP: 17/19
   329 | D        | Killed a green ugly thing
   329 | D        | Reached skill level 12 in Conjurations
   329 | D        | Killed a red ugly thing
   329 | D        | Reached skill level 13 in Conjurations
   329 | D        | Reached XP level 9. HP: 51/51 MP: 21/21
   345 | D        | Learned a level 3 spell: Tukima's Dance
   378 | D        | Entered arena 5.
   378 | D        | Noticed a rime drake
   378 | D        | Found a transporter.
   379 | D        | Reached *** piety under Vehumet
   379 | D        | Reached skill level 10 in Fire Magic
   379 | D        | Killed a rime drake
   380 | D        | Reached skill level 14 in Conjurations
   388 | D        | Got the amulet of Hoaciss {+Rage rF+ Int+7 Dex+4 Slay-2}
   438 | D        | Entered arena 6.
   438 | D        | Found a transporter.
   439 | D        | Reached **** piety under Vehumet
   472 | D        | Got the amulet of the Gloaming {+Rage rC+ Str+10 Dex-3}
   481 | D        | Entered arena 7.
   481 | D        | Noticed a red ugly thing
   481 | D        | Noticed a salamander
   481 | D        | Noticed a two-headed ogre
   481 | D        | Noticed a black mamba
   481 | D        | Noticed a shining eye
   483 | D        | Killed a two-headed ogre
   483 | D        | Reached ***** piety under Vehumet
   486 | D        | Killed a salamander
   486 | D        | Reached skill level 15 in Conjurations
   486 | D        | Reached XP level 10. HP: 34/56 MP: 22/22
   486 | D        | a black mamba changed into a polar bear
   487 | D        | Found a transporter.
   490 | D        | Killed an unseen horror
   490 | D        | Killed a shining eye
   490 | D        | Reached skill level 16 in Conjurations
   496 | D        | Offered knowledge of Stone Arrow by Vehumet.
   496 | D        | Killed a red ugly thing
   501 | D        | Learned a level 3 spell: Stone Arrow
   589 | D        | Entered arena 8.
   589 | D        | Noticed a wolf spider
   590 | D        | Offered knowledge of Static Discharge by Vehumet.
   590 | D        | Reached ****** piety under Vehumet
   592 | D        | Reached skill level 17 in Conjurations
   592 | D        | Killed a wolf spider
   628 | D        | Found a transporter.
   675 | D        | Entered arena 9.
   675 | D        | Noticed a brown ugly thing
   675 | D        | Noticed a white ugly thing
   676 | D        | Reached skill level 1 in Fighting
   677 | D        | Reached XP level 11. HP: 62/67 MP: 23/23
   678 | D        | Killed a brown ugly thing
   678 | D        | Reached skill level 18 in Conjurations
   678 | D        | Killed a brown ugly thing
   679 | D        | Found a transporter.
   750 | D        | Entered arena 10.
   750 | D        | Noticed a mummy priest
   750 | D        | Noticed a death scarab
   750 | D        | Noticed a greater mummy
   750 | D        | Noticed a greater mummy
   750 | D        | Noticed a death scarab
   752 | D        | Killed a death scarab
   752 | D        | Offered knowledge of Ignite Poison by Vehumet.
   752 | D        | Reached skill level 5 in Dodging
   755 | D        | Found a transporter.
   757 | D        | Entered arena 11.
   759 | D        | Reached skill level 5 in Fighting
   835 | D        | Found a transporter.
   846 | D        | Identified the Tome of Creation (You found it in the Dungeon)
   872 | D        | Learned a level 7 spell: Summon Hydra
   983 | D        | Entered arena 12.
   983 | D        | Noticed a vault guard
   983 | D        | Noticed a stone giant
   983 | D        | Noticed a vault guard
   983 | D        | Noticed a vault guard
   985 | D        | Noticed a vault guard
   985 | D        | Noticed a vault guard
   985 | D        | Offered knowledge of Freezing Cloud by Vehumet.
   986 | D        | Noticed a vault guard
   986 | D        | Killed a vault guard
   986 | D        | Reached skill level 5 in Summonings
   986 | D        | Killed a vault guard
   987 | D        | Killed a vault guard
   987 | D        | Killed a stone giant
   987 | D        | Reached skill level 10 in Summonings
   988 | D        | Noticed a vault guard
   988 | D        | Noticed a vault guard
   989 | D        | Killed a vault guard
   990 | D        | Killed a vault guard
   990 | D        | Reached XP level 12. HP: 35/77 MP: 15/24
   995 | D        | Killed a vault guard
   996 | D        | Killed a vault guard
   996 | D        | Killed a vault guard
  1042 | D        | Found a transporter.
  1185 | D        | Entered arena 13.
  1185 | D        | Noticed a thorn hunter
  1185 | D        | Noticed a spriggan rider
  1188 | D        | Noticed a spriggan air mage
  1188 | D        | Noticed a spriggan air mage
  1190 | D        | Offered knowledge of Yara's Violent Unravelling by Vehumet.
  1191 | D        | Killed a spriggan rider
  1191 | D        | Reached skill level 15 in Summonings
  1192 | D        | Killed a thorn hunter
  1192 | D        | Reached skill level 19 in Conjurations
  1197 | D        | Paralysed by a hornet for 2 turns
  1198 | D        | Killed a spriggan air mage
  1199 | D        | Killed from afar by a wind drake

Vault maps used:
D:        sprint_v

Skill      XL: |  1  2  3  4  5  6  7  8  9 10 11 12 |
---------------+-------------------------------------+-----
Evocations     | 8 |  8.0
Spellcasting   | 3 4 6 7 8 |  8.9
Conjurations   | 3 7 9 10 11 13 15 17 18 19 | 19.1
Fire Magic     | 5 7 8 9 11 12 | 12.6
Fighting       | 3 5 7 |  7.8
Dodging        | 3 6 8 |  8.1
Summonings     | 12 15 | 15.3
Stealth        | |  2.6

Action                   |  1- 3 |  4- 6 |  7- 9 | 10-12 || total
-------------------------+-------+-------+-------+-------++-------
 Cast: Fireball          |       |     2 |     3 |    28 ||    33
       Summon Hydra      |       |       |       |     3 ||     3
Evoke: Wand              |       |     5 |     9 |     7 ||    21
       Lamp of fire      |       |       |       |     1 ||     1
       Sack of spiders   |       |       |       |     1 ||     1
  Use: Potion            |     1 |       |       |    11 ||    12
       Scroll            |     1 |     1 |     1 |     3 ||     6
  Eat: Bread ration      |       |       |     1 |       ||     1
       Chunk             |       |       |       |     2 ||     2
Armor: Skin              |       |     2 |       |       ||     2
Dodge: Dodged            |       |     3 |       |     8 ||    11
Block: Shield            |       |     3 |       |       ||     3
